Ryan, lawful male human Knight --------- |.......| ----------- ----- ---------- #.........# |.........| |%[!| |........| ###|.......|# |..........# |...| |........| # -.---.---### --.-.-.----# ---|- |........-#### ############################################### # ------.--- # ### -------.-- % ### # ### # ### |........| # # # # # # ##.........| # # # # # # |........| # # # ## # |........+############################### --.--- ---|--- |........|# # # ----.-.- |....| #-.....| ----------### # ##|>.....| |.....######|.....| # -------%- |......| |....| |...(.| ### |.....o.| #####.......| ------ |...<.| # |....oo.| |......| |.....| ##-....@[.| |......| ------- --------- -------- Ryan the Esquire Experience level: 5 Strength: 15 Dexterity: 8 Constitution: 11 Intelligence: 8 Wisdom: 17 Charisma: 18 Health: 0(44) Energy: 39(39) Def: 0 Gold: 608 Moves: 2808 Dungeon seed: lNiguipBSquGOdh4 Game ID: Ryan_1467151892 Your Inventory: Coins $ - 608 gold pieces Weapons b - a blessed +1 lance Wands s - a wand of digging (0:0) F - a wand of digging (0:5) Tools k - an uncursed oil lamp (0:1299) Spells and supernatural/magical abilities: Name Level Category Fail Memory W - pray for help -- divine ? -- X - turn undead -- divine ? -- Y - supernatural jump -- ability ? -- Your skills at the end: Fighting Skills riding [Basic] Weapon Skills long sword [Basic] lance [Basic] Spellcasting Skills Final Attributes: You were piously aligned. You were telepathic. You could jump. You are dead. Vanquished creatures: a giant mimic a large mimic 2 small mimics 2 ponies 3 floating eyes a kobold shaman an iguana an acid blob a coyote a gas spore 2 giant rats a brown mold a yellow mold 2 gnomes 6 garter snakes 2 geckos 3 jackals 2 sewer rats 2 grid bugs a bat 2 lichens 2 newts 40 creatures vanquished. Voluntary challenges: You were an atheist. You used a wielded weapon 43 times, starting on turn 65. You read items or engraved 4 times, starting on turn 1580. You never genocided any monsters. You never polymorphed an object. You changed form 1 time, starting on turn 2755. You used no wishes. You never split a pudding. You never wrote Elbereth's name. You violated your moral code, losing 1 point of alignment, starting on turn 1112. Dungeon overview: The Dungeons of Doom: levels 1 to 5 Level 1 an altar to Manannan Mac Lir, a fountain a long staircase Level 2 a hardware shop Level 3 a general store a long staircase Level 4 a general store, a fountain Level 5 <- You were here a general store, a sink History has recorded: On T:1 you entered the Dungeons of Doom to retrieve the Amulet of Yendor! On T:394 you reached level 2 of The Dungeons of Doom. On T:467 you advanced to experience level 2. On T:491 you advanced to experience level 3. On T:783 you advanced to experience level 4. On T:872 you reached level 3 of The Dungeons of Doom. On T:1067 you advanced to experience level 5. On T:1456 you reached level 4 of The Dungeons of Doom. On T:1973 you reached level 5 of The Dungeons of Doom. Score breakdown: Gold: 608 ( 9472 points) Experience: 5 levels (11141 points) Exploration: 5 levels ( 9.43%) ( 8320 points) Discoveries: 9 items ( 3.66%) ( 5738 points) Valuables value: (no points given unless you survive) Artifact value: 0 ( 0 points) Variety of kills: 22 monsters ( 5.77%) ( 7208 points) Turncount: 2808 turns ( -502 points) Survival: died (score multiplied by 80%) Total score: 33101 Latest messages: The Uruk-hai is suddenly very cold! The Uruk-hai hits! (2x) You return to human form! You can see again. Your movements are now unencumbered. The Uruk-hai thrusts her orcish short sword. The Uruk-hai hits! You hit the Uruk-hai. (2x) The Uruk-hai hits! The Uruk-hai thrusts his orcish short sword. The Uruk-hai hits! The Uruk-hai thrusts her orcish short sword. The Uruk-hai hits! You miss the Uruk-hai. (2x) The Uruk-hai hits! The Uruk-hai thrusts his orcish short sword. The Uruk-hai hits! The Uruk-hai thrusts her orcish short sword. The Uruk-hai hits! The Uruk-hai thrusts his orcish short sword. The Uruk-hai hits! You die... Final status: Fare thee well Ryan the Knight, killed by an Uruk-hai... You died in The Dungeons of Doom on dungeon level 5 with 33101 points, and 608 pieces of gold, after 2808 moves. You were level 5 with a maximum of 44 hit points when you died.